 Dungeon Crawl Stone Soup version 0.25.0-8-gfd19cd77bd (webtiles) character file.

Game seed: 3065961156467241526

8020 Krehm the Transmogrifier (level 11, -2/87 HPs)
             Began as a Merfolk Transmuter on June 16, 2020.
             Was an Elder of Wu Jian.
             Killed from afar by a rime drake (21 damage)
             ... with a flash freeze
             ... on level 11 of the Dungeon on June 17, 2020.
             The game lasted 02:11:44 (14878 turns).

Krehm the Transmogrifier (Merfolk Transmuter)      Turns: 14878, Time: 02:11:44

Health: -2/87      AC:  9    Str: 11    XL:     11   Next: 24%
Magic:  21/23      EV: 16    Int: 16    God:    Wu Jian [****..]
Gold:   744        SH:  6    Dex: 14    Spells: 8/26 levels left

rFire    . . .     SeeInvis .     - Unarmed
rCold    . . .     Gourm    .   h - +1 buckler
rNeg     + . .     Faith    .   N - +2 robe {MR+}
rPois    +         Spirit   .   M - +1 helmet
rElec    .         Reflect  .   (no cloak)
rCorr    .         Harm     .   s - +2 pair of gloves "Xutush" {rPois rN+ MR+}
MR       ++...                  (no boots)
Stlth    +.........             l - amulet of regeneration
HPRegen  0.24/turn              t - ring of wizardry
MPRegen  0.18/turn              C - ring of poison resistance

@: no status effects
A: change form in water, swift swim, stealthy swim
a: Wall Jump, Serpent's Lash, Renounce Religion


You were on level 11 of the Dungeon.
You worshipped Wu Jian.
Wu Jian was greatly pleased with you.
You were not hungry.

You visited 1 branch of the dungeon, and saw 11 of its levels.
You also visited: Ossuary.

You collected 744 gold pieces.

Inventory:

Missiles
 i - 44 poisoned darts (quivered)
 k - 5 atropa-tipped darts
 n - 128 arrows
 o - 4 javelins
Armour
 h - a +1 buckler (worn)
 s - the +2 pair of gloves "Xutush" (worn) {rPois rN+ MR+}
   (You found it on level 4 of the Dungeon)

   It protects you from poison.
   It protects you from negative energy.
   It affects your resistance to hostile enchantments.
 M - a +1 helmet (worn)
 N - a +2 robe of magic resistance (worn)
Jewellery
 b - an uncursed amulet of the acrobat
 l - an amulet of regeneration (around neck)
 p - an uncursed ring of see invisible
 t - a ring of wizardry (left hand)
 C - a ring of poison resistance (right hand)
 O - an uncursed ring of resist corrosion
 R - an uncursed amulet of faith {unknown}
Wands
 v - a wand of enslavement (11)
 I - a wand of paralysis (3)
 J - a wand of acid (6)
 K - a wand of flame (21)
 P - a wand of polymorph (5)
Scrolls
 c - a scroll of magic mapping
 g - a scroll of immolation
 j - a scroll of enchant weapon {unknown}
 q - a scroll of noise {unknown}
 r - 4 scrolls of teleportation
 u - 2 scrolls of random uselessness {unknown}
 w - 2 scrolls of amnesia
 x - 2 scrolls of enchant armour
 y - a scroll of fear {unknown}
 D - 4 scrolls of remove curse
 G - a scroll of fog {unknown}
 H - a scroll of blinking {unknown}
Potions
 e - 9 potions of flight
 f - 2 potions of magic
 m - 4 potions of cancellation
 z - a potion of mutation {unknown}
 A - 3 potions of might
 B - 2 potions of brilliance {unknown}
 E - a potion of curing {unknown}
 F - 2 potions of lignification
 L - 3 potions of haste
Comestibles
 d - 22 rations


   Skills:
 + Level 8.3 Fighting
 + Level 7.0 Dodging
 - Level 4.0 Shields
 + Level 6.8 Unarmed Combat
 + Level 8.1 Spellcasting
 - Level 3.0 Hexes
 + Level 10.1 Transmutations
 - Level 2.0 Ice Magic
 - Level 4.6 Poison Magic


You had 8 spell levels left.
You knew the following spells:

 Your Spells              Type           Power        Failure   Level  Hunger
a - Beastly Appendage     Tmut           #####.       1%          1    None
b - Spider Form           Tmut/Pois      ####......   1%          3    #......
c - Sticks to Snakes      Tmut           #####...     1%          2    None
d - Ice Form              Ice/Tmut       ####....     3%          4    ###....
e - Blade Hands           Tmut           #####.....   1%          5    #####..
f - Confusing Touch       Hex            ###.....     4%          3    #......

Your spell library contained the following spells:

 Spells                   Type           Power        Failure   Level  Hunger
 Petrify                  Tmut/Erth      ###.....     6%          4    ###....
 Yara's Violent Unravell  Hex/Tmut       ####......   9%          5    #####..
 Gell's Gravitas          Tloc           #.........   13%         3    #......
 Metabolic Englaciation   Hex/Ice        ##........   38%         5    #####..


Dungeon Overview and Level Annotations

Branches:
Dungeon (11/15)            Temple (0/1) D:5            Lair (0/6) D:10
    Orc (0/2) D:9         Ossuary (visited)

Altars:
Dithmenos
Gozag
Hepliaklqana
Okawaru
Ru
Uskayaw
Wu Jian
Zin

Shops:
D:9 ?   D:11 }

Portals:
Ice
Cave: D:11

Annotations:
D:1 exclusion: downstairs
D:3 1 runed translucent door, exclusion: door, releu's ghost, amateur TrWr
D:5 3 runed translucent doors, exclusion: door, manfred's ghost, novice DDFi


Message History

You see here a rime drake skeleton.
Eat a chunk of flesh? (ye/n/q)
You eat the chunk of flesh.
This raw flesh tastes terrible.
The rime drake hisses angrily.
The rime drake breathes ice at you. The flash freeze hits you!!
* * * LOW HITPOINT WARNING * * *
You are encased in ice.
Found a frozen archway.
The ice encasing you melts away.
You slice the rime drake!!
The rime drake is severely wounded.
Your hands revert to their normal proportions.
The +2 pair of gloves "Xutush" {rPois rN+ MR+} unmelds from your body.
Your +1 buckler unmelds from your body.
The rime drake misses you.
You hit the rime drake but do no damage.
The rime drake is severely wounded.
The rime drake breathes ice at you. The flash freeze hits you!!
You die...

#.............#*,,,,,,,,,,
#......÷......#..,,,,,,,,,
#.............#..,,,,,,,,,
#................,,,,,,,,,
#..............#.,,,,,,,,,
#..............#.,,,,,,,,,
#.............≈..,,,,,,,,,
#.........k.≈#...,,,,,,,,,
########.@#≈#≈..#,,,,,,,,,
##..#≈k..#≈,*******
#.≈.....*≈,* ##.....∩*≈,*
*..####*≈,* *#..≈≈≈≈≈**
*#..,,,** *###***


You could see a rime drake (catching breath).

Vanquished Creatures
  2 two-headed ogres
  A centaur skeleton (D:10)
  A rime drake (D:11)
  A troll (D:11)
  A hornet (D:8)
  A hippogriff (D:7)
  2 wraiths (D:10)
  A wyvern (D:9)
  4 yaks (D:11)
  A hungry ghost (D:7)
  A soldier ant (D:8)
  4 orc warriors
  2 sky beasts
  A phantom (D:4)
  An ice beast (D:7)
  5 ogres
  A necrophage (D:5)
  3 centaurs
  9 bullfrogs
  A wyvern skeleton (D:9)
  2 scorpions
  A water moccasin skeleton (D:8)
  9 killer bees
  A howler monkey (D:7)
  A bullfrog zombie (D:8)
  2 crimson imps
  A centaur zombie (D:9)
  A quasit (D:6)
  2 orc priests
  3 bullfrog skeletons
  10 hounds
  4 jellies
  6 orc wizards
  4 iguanas
  5 worker ants
  A big kobold zombie (Ossuary)
  3 hound skeletons
  3 mummies (Ossuary)
  A worker ant zombie (D:6)
  Robin (D:2)
  13 adders
  8 gnolls
  9 river rats (D:6)
  A shadow imp (D:5)
  An adder skeleton (D:4)
  5 worms
  A dart slug (D:3)
  2 leopard geckos
  33 orcs
  2 ball pythons
  4 bats (D:2)
  6 giant cockroaches
  A gnoll zombie (Ossuary)
  14 goblins
  14 hobgoblins
  8 jackals
  9 kobolds
  8 quokkas
  2 frilled lizards (D:2)
  A goblin zombie (Ossuary)
  2 hobgoblin zombies (Ossuary)
  3 kobold zombies (Ossuary)
  A leopard gecko zombie (D:6)
  2 quokka skeletons
  19 rats
273 creatures vanquished.

Vanquished Creatures (collateral kills)
  A wraith (Ossuary)
  An ice beast (D:6)
  A bullfrog (D:8)
  A killer bee (D:8)
  An orc wizard (D:8)
  A worker ant (D:4)
  2 adders
  A leopard gecko (D:7)
  5 orcs
  A quokka (D:6)
  2 rats (D:6)
17 creatures vanquished.

Vanquished Creatures (others)
  A rat (D:3)
  A bush (D:10)
2 creatures vanquished.

Grand Total: 292 creatures vanquished

Notes
Turn   | Place    | Note
-------+----------+-------------------------------------------
     0 | D:1      | Krehm the Merfolk Transmuter began the quest for the Orb.
     0 | D:1      | Reached XP level 1. HP: 15/15 MP: 3/3
   342 | D:1      | Reached XP level 2. HP: 11/21 MP: 3/5
   344 | D:1      | Reached skill level 3 in Transmutations
  1409 | D:2      | Reached XP level 3. HP: 23/27 MP: 3/6
  1414 | D:2      | Learned a level 3 spell: Spider Form
  1996 | D:2      | Noticed Robin
  2012 | D:2      | Reached skill level 1 in Poison Magic
  2036 | D:1      | Reached XP level 4. HP: 12/33 MP: 5/7
  2390 | D:2      | Killed Robin
  2430 | D:2      | Found a shadowy altar of Dithmenos.
  2717 | D:2      | Reached XP level 5. HP: 30/39 MP: 9/9
  2751 | D:2      | Reached skill level 4 in Transmutations
  2964 | D:3      | Found an ornate altar of the Wu Jian Council.
  2983 | D:3      | Became a worshipper of the Wu Jian Council
  3036 | D:3      | Found an iron altar of Okawaru.
  3395 | D:3      | Found a runed translucent door.
  3395 | D:3      | Noticed releu's ghost (amateur TrWr)
  3645 | D:3      | Reached XP level 6. HP: 46/46 MP: 8/10
  3863 | D:3      | Learned a level 2 spell: Sticks to Snakes
  3957 | D:4      | Reached skill level 1 in Shields
  3984 | D:4      | Got a pair of masterwork gloves
  4000 | D:4      | Identified the +2 pair of gloves "Xutush" {rPois rN+ MR+}
                  | (You found it on level 4 of the Dungeon)
  4382 | D:4      | Noticed a phantom
  4591 | D:4      | Killed a phantom
  4591 | D:4      | Reached skill level 5 in Transmutations
  4591 | D:4      | Reached XP level 7. HP: 29/52 MP: 12/12
  5204 | D:5      | Entered Level 5 of the Dungeon
  5342 | D:5      | Reached * piety under Wu Jian
  5718 | D:5      | Found a staircase to the Ecumenical Temple.
  6102 | D:5      | Reached XP level 8. HP: 25/53 MP: 12/14
  6164 | D:5      | Found a runed translucent gate.
  6165 | D:5      | Found a runed translucent gate.
  6166 | D:5      | Found a runed translucent gate.
  6168 | D:5      | Noticed manfred's ghost (novice DDFi)
  6292 | D:6      | Found a sand-covered staircase.
  6342 | Ossuary  | Entered an ossuary
  6342 | Ossuary  | Noticed a wraith
  6342 | Ossuary  | Noticed a wraith
  6342 | Ossuary  | Noticed a wraith
  6711 | Ossuary  | Noticed a wraith
  6838 | Ossuary  | Killed a wraith
  6838 | Ossuary  | Reached skill level 6 in Transmutations
  7295 | D:6      | Reached ** piety under Wu Jian
  7374 | D:6      | Reached skill level 5 in Fighting
  7442 | D:6      | Reached skill level 5 in Spellcasting
  7659 | D:6      | Found a sacrificial altar of Ru.
  7692 | D:6      | Reached skill level 7 in Transmutations
  7927 | D:6      | Reached XP level 9. HP: 44/68 MP: 15/17
  8388 | D:7      | Reached *** piety under Wu Jian
  8995 | D:7      | Found a hide-covered altar of Uskayaw.
  8999 | D:7      | Noticed a +0 hand axe
  8999 | D:7      | Noticed a +0 hand axe
  9065 | D:7      | Reached skill level 8 in Transmutations
  9652 | D:7      | Learned a level 4 spell: Ice Form
  9658 | D:7      | Learned a level 5 spell: Blade Hands
  9958 | D:8      | Reached skill level 1 in Ice Magic
 10853 | D:8      | Reached XP level 10. HP: 77/77 MP: 14/20
 11220 | D:8      | Found an opulent altar of Gozag.
 11259 | D:8      | Reached skill level 5 in Unarmed Combat
 11534 | D:9      | Reached **** piety under Wu Jian
 11627 | D:9      | Reached skill level 9 in Transmutations
 11651 | D:9      | Learned a level 3 spell: Confusing Touch
 11680 | D:9      | Found a staircase to the Orcish Mines.
 11781 | D:9      | Reached skill level 5 in Dodging
 11830 | D:9      | Identified the cursed +1 flail of Premature Burial {freeze,
                  | rF++ Stlth+}
 12657 | D:9      | Reached skill level 1 in Hexes
 12735 | D:9      | Found Xegouna's Magic Scroll Shop.
 13199 | D:9      | Noticed a two-headed ogre
 13211 | D:9      | Killed a two-headed ogre
 13344 | D:9      | Found a hazy altar of Hepliaklqana.
 13431 | D:9      | Found a glowing silver altar of Zin.
 13432 | D:9      | Noticed an angel
 13452 | D:10     | Entered Level 10 of the Dungeon
 13483 | D:10     | Noticed a two-headed ogre
 13497 | D:10     | Killed a two-headed ogre
 13704 | D:10     | Found a staircase to the Lair.
 14275 | D:11     | Reached XP level 11. HP: 81/86 MP: 16/22
 14456 | D:11     | Found Lisyrir's Gadget Shoppe.
 14468 | D:11     | Reached skill level 10 in Transmutations
 14564 | D:11     | HP: 2/86 [troll (3)]
 14571 | D:11     | HP: 4/129 [ogre/+0 giant club (3)]
 14873 | D:11     | Found a frozen archway.
 14878 | D:11     | Killed from afar by a rime drake

Illustrated notes

Levels and vault maps discovered:
D:1:      ncdulo_wetmaze, layout_basic
D:2:      layout_loops_ring, grunt_dithmenos_smoke, minmay_misc_feat_rows,
          skrybe_limestone_x, uniq_robin, uniq_terence
D:3:      layout_loops_ring, overflow_temple_1_default, old_standard_altar,
          ebering_ghost_inner_flame
D:4:      layout_basic, hangedman_decor_points
D:5:      layout_cave_pods, temple_statues, gammafunk_ghost_necromancy,
          first_ration
D:6:      lemuel_ratsnest, layout_rooms, nicolae_overflow_crystal_walls,
          nicolae_ossuary_entry_monument, minivault_25
D:7:      minmay_chambers_of_fours, layout_rooms, dancing_weapons_uskayaw
D:8:      layout_cave_pools, kennysheep_mini_moat, hangedman_pestilent_swarm
D:9:      layout_long_grid, zin_angel, nicolae_overflow_hidden_temple,
          orc_0_dummy, serial_shops, shop
D:10:     layout_big_octagon, lair_entry_dummy, serial_column_ruins,
          column_ruins_hut, column_ruins_hut, column_ruins_columns_corner,
          column_ruins_open_small, column_ruins_grid_4,
          column_ruins_columns_straight, kb_lookout_dungeons_type
D:11:     layout_roguey, serial_shops, nicolae_shop_behind_doors,
          portal_ice_cave_rime, minivault_10, minmay_misc_feat_doors,
          uniq_josephine

Skill      XL: |  1  2  3  4  5  6  7  8  9 10 11 |
---------------+----------------------------------+-----
Transmutations | 3 4 5 7 8 9 10 | 10.1
Fighting       | 2 3 4 5 6 8 |  8.3
Poison Magic   | 1 2 3 4 |  4.6
Spellcasting   | 3 4 5 7 8 |  8.1
Shields        | 2 3 4 |  4.0
Dodging        | 4 6 7 |  7.0
Unarmed Combat | 4 6 |  6.8
Ice Magic      | 1 2 |  2.0
Hexes          | 2 3 |  3.0

Action                   |  1- 3 |  4- 6 |  7- 9 | 10-12 || total
-------------------------+-------+-------+-------+-------++-------
Melee: Unarmed           |    57 |       |     7 |   201 ||   265
       Headbutt          |    11 |    37 |   111 |       ||   159
       Whip              |    50 |   183 |       |       ||   233
       Punch             |     1 |     3 |       |     2 ||     6
       Dagger            |       |    86 |   626 |       ||   712
Throw: Dart              |     4 |    25 |     5 |       ||    34
       Javelin           |       |     3 |       |       ||     3
 Cast: Beastly Appendage |    22 |    35 |    66 |     8 ||   131
       Sticks to Snakes  |       |     1 |    35 |     7 ||    43
       Blade Hands       |       |       |     2 |    29 ||    31
       Confusing Touch   |       |       |       |     1 ||     1
Invok: Lunge             |       |    25 |    27 |    26 ||    78
       Whirlwind         |       |       |    54 |     7 ||    61
  Use: Scroll            |     3 |     1 |     9 |     2 ||    15
       Potion            |       |     1 |     1 |     2 ||     4
 Stab: Invisible         |       |     2 |       |       ||     2
       Sleeping          |       |     1 |     1 |     2 ||     4
       Distracted        |       |       |       |     1 ||     1
  Eat: Chunk             |     4 |     9 |    14 |    12 ||    39
       Ration            |       |       |     3 |     3 ||     6
Armor: Robe              |    13 |    13 |    21 |    22 ||    69
       Skin              |       |    14 |       |     6 ||    20
       Leather armour    |       |    22 |   104 |       ||   126
Dodge: Dodged            |    64 |   136 |   325 |   140 ||   665
Block: Buckler           |       |    25 |   119 |    18 ||   162
